Map: Odyssey LE

Players

PandaBearMe

  • Race: Zerg Zerg
  • Spawn Location: 11:00

PiLiPiLi - Winner!

  • Race: Protoss Protoss
  • Spawn Location: 5:00

Event: WCS Montreal 2017

VOD

Have the link to the VOD?

Description

Time

  • Played on: Sept. 8, 2017, 3:07 p.m.
  • Length: 8:37

All games in this series

Show
View Real Time Build Order
Export as new Build Order

PandaBearMe Zerg 

Build Orders: Hatch First 

Get SALT Encoding   

  12  0:01  Drone  
  13  0:12  Overlord  
  13  0:16  Drone  
  14  0:30  Drone x2  
  16  0:49  Hatchery  
  15  0:52  Drone  
  15  0:55  Drone  
  17  0:58  Drone  
  17  1:01  Extractor  
  17  1:14  Spawning Pool  
  17  1:17  Drone  
  17  1:20  Drone  
  18  1:29  Drone  
  19  1:40  Drone  
  20  1:50  Overlord  
  20  2:00  Queen x2  
  24  2:02  Metabolic Boost  
  24  2:06  Zergling x2  
  25  2:09  Drone  
  25  2:12  Drone  
  25  2:15  Drone  
  28  2:23  Drone x2  
  30  2:39  Hatchery  
  30  2:42  Zergling x2  
  30  2:52  Roach Warren  
  30  2:56  Drone  
  30  2:58  Overlord, Drone  
  31  3:07  Overlord  
  31  3:12  Overlord  
  31  3:14  Zergling x4  
  33  3:32  Roach x5  
  33  3:34  Roach  
  45  3:41  Roach  
  47  3:44  Evolution Chamber  
  46  3:54  Roach x2  
  51  3:55  Zergling x2  
  51  3:56  Zergling x4  
  53  4:03  Zergling x6  
  53  4:07  Overlord  
  56  4:16  Zergling x4  
  58  4:21  Overlord  
  58  4:31  Zergling x10  
  62  4:40  Zergling x2  
  62  4:43  Zergling x4  
  60  4:49  Zergling x4  
  53  4:58  Lair  
  41  5:11  Drone x8  
  46  5:16  Zerg Missile Weapons Level 1  
  45  5:23  Drone x3  
  47  5:31  Drone x4  
  47  5:33  Drone  
  52  5:36  Drone  
  52  5:39  Drone  
  52  5:42  Drone x3  
  56  5:49  Spore Crawler  
  55  5:50  Spore Crawler x2  
  55  5:54  Roach x3  
  62  5:57  Roach  
  62  5:58  Overseer  
  62  6:01  Extractor  
  62  6:04  Roach x2  
  65  6:08  Overlord, Drone  
  65  6:10  Drone x2  
  68  6:14  Drone x2  
  68  6:15  Drone  
  71  6:19  Drone x2  
  71  6:24  Overlord  
  69  6:26  Overlord x2  
  69  6:35  Overlord  
  69  6:37  Extractor  
  69  6:39  Overlord, Drone x5  
  73  6:41  Overlord  
  73  6:45  Roach  
  73  6:46  Roach  
  77  6:49  Roach  
  81  6:54  Roach  
  81  6:56  Roach  
  81  7:00  Roach x2  
  81  7:03  Roach x3  
  81  7:06  Roach  
  84  7:09  Roach  
  84  7:12  Roach  
  86  7:15  Roach  
  86  7:21  Queen  
  86  7:22  Overlord  
  88  7:24  Roach, Extractor  
  88  7:25  Roach  
  88  7:27  Roach  
  88  7:29  Roach  
  94  7:30  Zergling x8  
  94  7:31  Roach, Zergling x4  
  94  7:32  Zergling x2  
  103  7:42  Roach  
  103  7:43  Roach x2  
  109  7:54  Zergling x2  
  110  8:02  Zergling x4  
  110  8:03  Zergling x2  
  110  8:05  Zergling x4  
  114  8:07  Overlord x3  
  114  8:10  Overlord x2  
  114  8:11  Overlord  
  114  8:17  Overlord  
Show
View Real Time Build Order
Export as new Build Order

PiLiPiLi Protoss - Winner!

Build Orders: Nexus First, Archon Immortal, Zealot Archon, Archon Drop, Dark Templar Rush 

Get SALT Encoding   

  12  0:00  Probe (Chrono Boost)  
  13  0:11  Probe (Chrono Boost)  
  14  0:18  Pylon  
  14  0:22  Probe (Chrono Boost)  
  15  0:36  Probe (Chrono Boost)  
  16  0:46  Probe (Chrono Boost)  
  17  0:58  Nexus  
  17  1:07  Gateway  
  17  1:11  Probe (Chrono Boost)  
  18  1:15  Assimilator  
  18  1:21  Probe (Chrono Boost)  
  18  1:24  Assimilator  
  19  1:32  Probe (Chrono Boost)  
  20  1:37  Gateway  
  20  1:42  Probe (Chrono Boost)  
  21  1:53  Probe (Chrono Boost)  
  22  1:56  Cybernetics Core  
  22  2:03  Probe (Chrono Boost)  
  23  2:10  Probe (Chrono Boost)  
  23  2:14  Probe (Chrono Boost)  
  25  2:19  Zealot  
  25  2:20  Probe (Chrono Boost)  
  28  2:25  Probe (Chrono Boost)  
  28  2:27  Warp Gate (Chrono Boost)  
  29  2:31  Probe (Chrono Boost)  
  29  2:34  Probe (Chrono Boost)  
  29  2:36  Stalker (Chrono Boost)  
  33  2:42  Probe  
  34  2:44  Probe  
  35  2:54  Probe x2  
  35  2:57  Twilight Council  
  37  3:01  Pylon  
  37  3:06  Probe (Chrono Boost)  
  41  3:20  Mothership Core (Chrono Boost)  
  41  3:21  Probe (Chrono Boost)  
  41  3:28  Robotics Facility  
  41  3:33  Probe (Chrono Boost), Dark Shrine  
  42  3:38  Probe (Chrono Boost)  
  43  3:45  Probe (Chrono Boost)  
  44  3:49  Probe (Chrono Boost)  
  44  3:50  Gateway  
  44  3:52  Gateway  
  45  3:56  Probe  
  45  3:57  Pylon  
  45  4:02  Pylon  
  46  4:07  Assimilator  
  46  4:09  Assimilator  
  46  4:15  Probe x2  
  50  4:27  Probe x2  
  50  4:29  Immortal, Pylon  
  50  4:31  Zealot x2  
  56  4:40  Probe x2  
  52  4:48  Pylon  
  52  4:50  Pylon  
  52  4:51  Dark Templar x2  
  52  4:52  Probe x2  
  42  5:04  Probe x2  
  42  5:07  Adept  
  42  5:08  Adept  
  46  5:16  Probe x2 (Chrono Boost)  
  48  5:26  Probe  
  53  5:28  Resonating Glaives (Chrono Boost)  
  53  5:29  Warp Prism  
  53  5:30  Probe  
  52  5:38  Probe  
  53  5:43  Probe  
  53  5:49  Sentry  
  56  5:50  Probe  
  56  5:55  Probe  
  58  6:02  Dark Templar x2, Archon  
  58  6:03  Probe  
  63  6:04  Pylon  
  63  6:06  Archon  
  63  6:08  Probe  
  63  6:09  Immortal  
  66  6:15  Probe  
  69  6:21  Pylon  
  69  6:25  Pylon  
  69  6:30  Sentry  
  69  6:31  Adept  
  69  6:32  Probe  
  74  6:37  Gateway  
  74  6:41  Gateway  
  74  6:43  Immortal  
  74  6:45  Gateway  
  74  6:50  Gateway  
  78  7:09  Probe  
  79  7:17  Immortal, Adept x4  
  87  7:38  Dark Templar  
  87  7:39  Dark Templar x3  
  95  7:51  Adept x3  
  95  7:52  Archon x2  
  100  8:07  Adept  
  100  8:11  Pylon  
  102  8:14  Pylon  
  102  8:15  Pylon  
  102  8:16  Pylon  
  100  8:26  Adept x2  
  102  8:30  Adept x3  
  102  8:32  Adept x2  
  102  8:34  Adept  
Tags
 
Add a new tag
Caveats
  • Supply blocks, unpowered buildings, or Contaminate may cause inaccurate times.
  • Supply counts are checked every 10 seconds.